Match 42970444
Unlisted

Match 42970444
End
Engineer Squad
Construct Weapon Support Center
M1919 Machine Gun Team
M1919 Machine Gun Team
Bazooka Squad
Construct Barracks
Selects Advanced Infantry Battlegroup
Selects Convert to Ranger Squad
Ranger Squad
Infantry Support Center
Ranger Squad
Bazooka Squad
Selects Frontline Medical Station
Advanced Logistics
Frontline Medical Station
Improved M9 Bazooka Rockets
Selects Artillery Observers
Construct Tank Depot
Demolitions Package
M18 Hellcat Tank Destroyer
M18 Hellcat Tank Destroyer
Selects M2A1 105mm Howitzer Emplacement
Selects 155mm Rapid Artillery Barrage
M4(105) Sherman Bulldozer
M18 Hellcat Tank Destroyer
M18 Hellcat Tank Destroyer
155mm Rapid Artillery Barrage
Selects Ranger Weapon Training
M4(105) Sherman Bulldozer
M1918 Browning Automatic Rifles
155mm Rapid Artillery Barrage
M18 Hellcat Tank Destroyer
Survival Training
BabyFartsMcGee
Field marshal Prince
Mars
Pipeyshiro Killanabi
Punished Spicee Chib
Testy Rotato
Smrgling
Joraad
0
0

Comments sign in to comment!

No comments posted yet!